 Dungeon Crawl Stone Soup version 0.29.1-1-gd02db6906a (webtiles) character file.

Game seed: 10090088781782327898

3399 inmateoo the Slasher (level 9, -8/71 HPs)
             Began as a Mummy Gladiator on Sept 21, 2022.
             Was an Initiate of Gozag.
             Killed from afar by an acid dragon (9 damage)
             ... with a splash of acid
             ... on level 8 of the Dungeon.
             The game lasted 00:09:26 (10894 turns).

inmateoo the Slasher (Mummy Gladiator)             Turns: 10894, Time: 00:09:27

Health: -8/71      AC:  6    Str: 26    XL:     9   Next: 75%
Magic:  9/9        EV: 14    Int:  7    God:    Gozag
Gold:   370        SH:  0    Dex: 15    Spells: 8/8 levels left

rFire   . . .      SeeInvis .   a - +1 scimitar (flame)
rCold   . . .      Faith    .   (no shield)
rNeg    + + +      Spirit   .   s - +0 acid dragon scales
rPois   ∞          Reflect  .   p - +1 helmet
rElec   .          Harm     .   (no cloak)
rCorr   +          Rampage  .   c - +0 pair of gloves
Will    +....                   (no boots)
Stlth   +.........              (no amulet)
HPRegen 0.21/turn               q - +6 ring of strength
MPRegen 0.11/turn               j - ring of fire

@: mighty, corroded, invisible
A: cold resistance 1, negative energy resistance 3, torment resistance 2, heat
vulnerability 1, in touch with death 1, no potions
a: Renounce Religion, Potion Petition, Call Merchant, Bribe Branch


You were on level 8 of the Dungeon.
You worshipped Gozag.
Gozag was aware of your devotion.
You visited 1 branch of the dungeon, and saw 8 of its levels.

You collected 886 gold pieces.
You spent 198 gold pieces at shops.
You paid 318 gold pieces to Gozag.

Inventory:

Hand Weapons
 a - a +1 scimitar of flaming (weapon)
 t - a +3 long sword of draining
Missiles
 d - a throwing net (quivered)
 e - 5 javelins
 f - 26 poisoned darts
Armour
 c - a +0 pair of gloves (worn)
 p - a +1 helmet (worn)
 s - +0 acid dragon scales (worn)
Jewellery
 j - a ring of fire (right hand)
 q - a +6 ring of strength (left hand)
Scrolls
 b - 5 scrolls of identify
 g - 2 scrolls of teleportation
 h - 3 scrolls of blinking
 k - a scroll of summoning
 l - 5 scrolls of magic mapping
 m - 3 scrolls of silence
 n - a scroll of enchant armour
 o - a scroll of brand weapon
 r - 4 scrolls of fear


   Skills:
 + Level 6.4 Fighting
 * Level 7.8 Long Blades
 - Level 1.5 Throwing
 + Level 5.0 Armour
 + Level 5.7 Dodging


You had 8 spell levels left.
You didn't know any spells.
Your spell library contained the following spells:

 Spells                   Type           Power      Damage    Failure   Level
 Freeze                   Ice            0%         1d3       50%         1
 Sandblast                Erth           0%         2d4       50%         1
 Passwall                 Tmut/Erth      0%         N/A       63%         2
 Frozen Ramparts          Ice            0%         1d1       86%         3
 Stone Arrow              Conj/Erth      0%         3d7       86%         3
 Hailstorm                Conj/Ice       0%         3d3       99%         4
 Alistair's Intoxication  Tmut/Pois      0%         N/A       100%        5
 Borgnjor's Vile Clutch   Necr/Erth      0%         N/A       100%        5
 Eringya's Noxious Bog    Tmut/Pois      0%         N/A       100%        6


Dungeon Overview and Level Annotations

Branches:
Dungeon (8/15)             Temple (0/1) D:7
   Lair: D:8-11

Altars:
Ashenzari
Cheibriados
Fedhas
Gozag
Hepliaklqana
Nemelex Xobeh
Sif Muna

Shops:
D:7 (


Innate Abilities, Weirdness & Mutations

You are immune to poison.
Your flesh is cold resistant. (rC+)
You are immune to negative energy. (rN+++)
You are immune to unholy pain and torment.
You are vulnerable to heat. (rF-)
You are in touch with the powers of death.
You do not drink.


Message History

You hit the gnoll but do no damage.
The gnoll is no longer distracted by gold.
The gnoll is severely wounded.
The gnoll hits you with a +0 halberd.
* * * LOW HITPOINT WARNING * * *
The acid dragon bites you but does no damage.
The acid dragon closely misses you.
You slash the gnoll! You burn the gnoll.
You kill the gnoll!
The acid dragon is distracted by your dazzling golden aura.
You closely miss the acid dragon.
The acid dragon is no longer distracted by gold.
The acid dragon roars!
The acid dragon closely misses you. The acid dragon misses you.
You closely miss the acid dragon. The acid dragon misses you.
The acid dragon barely misses you.
You hit the acid dragon. You burn the acid dragon.
The acid dragon is lightly wounded.
The acid dragon misses you. The acid dragon closely misses you.
You barely miss the acid dragon.
The acid dragon is lightly wounded.
The acid dragon spits acid at you. The splash of acid hits you. You resist.
* * * LOW HITPOINT WARNING * * *
The acid corrodes you!
You completely miss the acid dragon.
The acid dragon is lightly wounded.
The acid dragon bites you!
* * * LOW HITPOINT WARNING * * *
The acid dragon barely misses you. [a] - 500 gold - haste and resistance [b] - 220 gold - haste [c] - 276 gold - invisibility and might Purchase which effect?
You no longer have enough gold to petition Gozag for potion effects.
You fade into invisibility!
You feel very mighty all of a sudden. The acid dragon spits acid at you.
The splash of acid hits you! You resist.
You die...
Your body crumbles into a pile of gold.

... .# #..##.
###.#..
#.....#
#.....#
#.....#
#..D..#
#..@$.#
###$#......
#$#######. #
#......... #.
#..##....# #.
#..##.####
####.##.....#
.....>...####
#######..#


You could see an acid dragon (unable to see you, catching breath).

Vanquished Creatures
  Pikel (D:6)
  Maggie (D:6)
  4 humans
  Duvessa (D:4)
  3 black bears
  An ogre (D:5)
  A centaur (D:5)
  3 lemures (D:5)
  A kobold brigand (D:8)
  2 bullfrogs
  Blork the orc (D:6)
  4 scorpions
  7 wights
  Dowan (D:4)
  A howler monkey (D:6)
  A quasit (D:4)
  2 hounds (D:5)
  2 jellies
  A gnoll bouda (D:8)
  Natasha (D:2)
  3 iguanas
  Terence (D:2)
  Robin (D:4)
  10 gnolls
  8 adders
  2 shadow imps
  4 white imps
  2 ufetubi
  5 worms
  2 dart slugs
  2 orcs (D:5)
  6 ball pythons
  4 bats
  13 endoplasms
  3 giant cockroaches
  12 goblins
  5 hobgoblins
  8 quokkas
  2 frilled lizards
  10 kobolds
  7 rats
149 creatures vanquished.

Vanquished Creatures (others)
  5 demonic plants (D:4)
  A plant (D:7)
6 creatures vanquished.

Grand Total: 155 creatures vanquished

Notes
Turn   | Place    | Note
-------+----------+-------------------------------------------
     0 | D:1      | inmateoo the Mummy Gladiator began the quest for the Orb.
     0 | D:1      | Reached XP level 1. HP: 16/16 MP: 1/1
    57 | D:1      | Found a faded altar of an unknown god.
   226 | D:1      | Reached XP level 2. HP: 22/22 MP: 2/2
  1143 | D:2      | Gained mutation: You are in touch with the powers of death.
                  | [Mummy growth]
  1143 | D:2      | Reached XP level 3. HP: 28/28 MP: 3/3
  1154 | D:2      | Reached skill level 3 in Long Blades
  1289 | D:2      | Reached skill level 1 in Armour
  1549 | D:2      | Noticed Natasha
  1554 | D:2      | Killed Natasha
  1555 | D:2      | Reached XP level 4. HP: 32/34 MP: 4/4
  2298 | D:3      | Identified the +7 sling of Felammuts {venom, Dex+2}
  2421 | D:3      | Noticed Terence
  2434 | D:2      | Killed Terence
  2654 | D:3      | Found an opulent altar of Gozag.
  2654 | D:3      | Found a sparkling altar of Nemelex Xobeh.
  2665 | D:3      | Became a worshipper of Gozag Ym Sagoz the Greedy
  2752 | D:4      | Noticed Duvessa
  2752 | D:4      | Noticed Dowan
  2921 | D:3      | Reached XP level 5. HP: 26/40 MP: 5/5
  3112 | D:4      | Noticed Robin
  3510 | D:4      | Killed Robin
  4361 | D:3      | Reached skill level 4 in Long Blades
  4827 | D:4      | Killed Dowan
  4828 | D:4      | Reached XP level 6. HP: 31/47 MP: 6/6
  5074 | D:4      | Killed Duvessa
  5365 | D:4      | Found a shimmering blue altar of Sif Muna.
  6009 | D:5      | Entered Level 5 of the Dungeon
  6067 | D:5      | Reached XP level 7. HP: 51/53 MP: 7/7
  6604 | D:4      | Reached skill level 5 in Long Blades
  7304 | D:5      | Reached XP level 8. HP: 48/61 MP: 8/8
  8503 | D:5      | Reached skill level 5 in Fighting
  8503 | D:5      | Reached skill level 6 in Long Blades
  9247 | D:6      | Reached skill level 5 in Dodging
  9247 | D:6      | Reached XP level 9. HP: 44/68 MP: 9/9
  9507 | D:6      | Noticed Pikel
  9554 | D:6      | Killed Pikel
  9555 | D:6      | Reached skill level 7 in Long Blades
  9599 | D:6      | Noticed Maggie
  9611 | D:6      | Killed Maggie
  9957 | D:6      | Noticed Blork the orc
  9964 | D:6      | Killed Blork the orc
  9981 | D:6      | Found a broken altar of Ashenzari.
 10029 | D:7      | Found Nuntuliu's Hydra Hut.
 10032 | D:7      | Noticed a four-headed hydra
 10036 | D:7      | Bought a +1 scimitar of flaming for 198 gold pieces
 10317 | D:7      | Found a hazy altar of Hepliaklqana.
 10318 | D:7      | Found a snail-covered altar of Cheibriados.
 10322 | D:7      | Found a blossoming altar of Fedhas.
 10366 | D:7      | Found a staircase to the Ecumenical Temple.
 10822 | D:8      | Reached skill level 5 in Armour
 10893 | D:8      | HP: 1/71 [acid dragon (7)]
 10894 | D:8      | Killed from afar by an acid dragon

Illustrated notes

Levels and vault maps discovered:
D:1:      spicycebolla_green_bress_n_ham_2, layout_basic,
          ebering_ecumenical_altar_hall
D:2:      layout_basic, uniq_natasha
D:3:      layout_basic, grunt_temple_overflow_opulence, uniq_terence
D:4:      layout_basic, mainiacjoe_overflow_24_doors, serial_demonic,
          serial_demonic_a, serial_demonic_e, serial_demonic_b,
          serial_demonic_e, ebering_dispersal_statue_hall, uniq_duvessa,
          uniq_robin
D:5:      wad_pebble_path, layout_basic, serial_curves, eino_curves_02,
          eino_curves_04, kennysheep_generic_room_11
D:6:      layout_gridville, lemuel_round_altar, minmay_ruffians, uniq_pikel,
          uniq_maggie, uniq_blork_the_orc
D:7:      layout_gridville, lemuel_crystal_altar, minitemple,
          minmay_temple_entry_waves, doesnt_shop_hydraphobe
D:8:      layout_basic, makhleb_blood_cavern_becter,
          nicolae_ossuary_entry_monument, uniq_prince_ribbit1

Skill      XL: |  1  2  3  4  5  6  7  8  9 |
---------------+----------------------------+-----
Long Blades    | 3 4 5 6 7 |  7.8
Armour         | 1 2 3 4 5 |  5.0
Dodging        | 3 4 5 |  5.7
Fighting       | 3 4 5 6 |  6.4
Throwing       | |  1.5

Action                   |  1- 3 |  4- 6 |  7- 9 || total
-------------------------+-------+-------+-------++-------
Melee: Long sword        |   109 |   246 |   294 ||   649
       Punch             |       |     3 |     4 ||     7
       Scimitar          |       |       |    85 ||    85
Throw: Throwing net      |       |     3 |     2 ||     5
Invok: Potion Petition   |       |       |     1 ||     1
Evoke: Wand              |       |       |     4 ||     4
  Use: Scroll            |     5 |     4 |     5 ||    14
 Stab: Distracted        |       |       |     1 ||     1
Armor: Leather armour    |    13 |       |       ||    13
       Plate armour      |    45 |   231 |   200 ||   476
       Scale mail        |     3 |       |       ||     3
       Chain mail        |       |       |    25 ||    25
       Acid dragon scale |       |       |    24 ||    24
Dodge: Dodged            |    56 |   141 |   224 ||   421
